 Dungeon Crawl Stone Soup version 0.20-a0-972-gb9bd3e6 (webtiles) character file.

117302 Hybris the Warrior (level 16, -7/184 HPs)
             Began as an Ogre Gladiator on Apr 8, 2017.
             Was the Champion of Qazlal.
             Drowned by a drowned soul (10 damage)
             ... summoned by a merfolk avatar
             ... on level 1 of the Shoals on Apr 9, 2017.
             The game lasted 01:54:02 (33789 turns).

Hybris the Warrior (Ogre Gladiator)                Turns: 33789, Time: 01:54:03

Health: -7/184     AC: 22    Str: 32    XL:     16   Next: 73%
Magic:  13/15      EV:  9    Int: 20    God:    Qazlal [******]
Gold:   688        SH:  8    Dex: 10    Spells: 10/15 levels left

rFire    . . .     SeeInvis .   m - +8 scythe of Conscience {freeze, rF+ MP-9 Int+4}
rCold    + + .     Gourm    +   (shield currently unavailable)
rNeg     . . .     Faith    .   X - +4 ice dragon scales of Veptank {rF- rC++ Str+3}
rPois    +         Spirit   .   c - +2 hat
rElec    +         Reflect  .   F - +0 cloak
rCorr    .         Harm     .   (gloves unavailable)
MR       .....                  (boots unavailable)
Stlth    ..........             W - amulet of the Suburbs {Gourm +Fly rElec MR- Int+7}
Regen    0.4/turn               Y - ring of poison resistance
MPRegen  0.2/turn               h - +2 ring of strength

@: mesmerised, slowed, studying Fighting, repel missiles, very slow
A: unfitting armour, tough skin 1
a: Upheaval, Elemental Force, Disaster Area, Renounce Religion, Evoke Flight


You were on level 1 of the Shoals.
You worshipped Qazlal.
Qazlal was exalted by your worship.
You were very full.

You visited 5 branches of the dungeon, and saw 22 of its levels.
You also visited: Bailey and Ice Cave.

You collected 2279 gold pieces.
You spent 1591 gold pieces at shops.

Inventory:

Hand Weapons
 m - the +8 scythe of Conscience (weapon) {freeze, rF+ MP-9 Int+4}
   (You bought it in a shop on level 8 of the Dungeon)

   It has been specially enchanted to freeze those struck by it, causing extra
   injury to most foes and up to half again as much damage against particularly
   susceptible opponents.
   It can also slow down cold-blooded creatures.
   It affects your intelligence (+4).
   It protects you from fire.
   It affects your magic capacity (-9).
 D - a +6 trident
Missiles
 a - 7 javelins of returning
 d - 3 throwing nets
 x - 27 tomahawks
 z - a large rock (quivered)
 L - 2 silver javelins
 O - 10 tomahawks of returning
Armour
 c - a +2 hat (worn)
 F - a +0 cloak (worn)
 X - the +4 ice dragon scales of Veptank (worn) {rF- rC++ Str+3}
   (You found it in an ice cave)

   It affects your strength (+3).
   It makes you vulnerable to fire.
   It greatly protects you from cold.
Jewellery
 h - a +2 ring of strength (right hand)
 t - an uncursed ring of protection from cold
 I - a +3 ring of dexterity
 P - an uncursed ring of fire
 W - the amulet of the Suburbs (around neck) {Gourm +Fly rElec MR- Int+7}
   (You found it in an ice cave)

   [amulet of the gourmand]

   It allows you to eat raw meat even when not hungry.
   It affects your intelligence (+7).
   It insulates you from electricity.
   It affects your resistance to hostile enchantments.
   It lets you fly.
 Y - a ring of poison resistance (left hand)
Wands
 b - a wand of digging (14/24)
 e - a wand of flame (24/48)
 v - a wand of iceblast (0/15)
 H - a wand of flame (34/48)
 J - a wand of lightning (0/15)
 N - a wand of iceblast (0/15)
 U - a wand of digging (17/24)
Scrolls
 i - 5 scrolls of identify
 q - 12 scrolls of remove curse
 u - 3 scrolls of fog
 w - 5 scrolls of amnesia
 y - 5 scrolls of magic mapping
 E - 4 scrolls of fear
 T - a scroll of teleportation
Potions
 j - 3 potions of mutation
 k - 4 potions of flight
 l - 3 potions of lignification
 n - a potion of heal wounds
 o - 4 potions of might
 r - 3 potions of agility
 s - 2 potions of invisibility
 A - 7 potions of curing
 G - a potion of brilliance
 Q - 2 potions of ambrosia
 S - 2 potions of magic
 V - a potion of haste
Books
 K - a manual of Fighting
Comestibles
 f - 14 bread rations
 p - 11 meat rations
 B - 46 fruits
 C - 6 royal jellies


   Skills:
 + Level 17.6 Fighting
 - Level 15.0 Polearms
 * Level 11.7 Throwing
 - Level 11.1 Armour
 - Level 2.6 Dodging
 - Level 4.9 Charms
 + Level 11.7 Invocations


You had 10 spell levels left.
You knew the following spells:

 Your Spells              Type           Power        Failure   Level  Hunger
a - Infusion              Chrm           ###.         8%          1    ##.....
b - Shroud of Golubria    Chrm/Tloc      #.........   24%         2    ###....
c - Song of Slaying       Chrm           ###.....     10%         2    ###....


Dungeon Overview and Level Annotations

Branches:
Dungeon (12/15)            Temple (1/1) D:5            Lair (6/6) D:10
 Shoals (1/4) Lair:3        Snake (0/4) Lair:4        Slime (0/5) Lair:6
    Orc (2/2) D:11            Elf (0/3) Orc:2

Altars:
Ashenzari
Dithmenos
Elyvilon
Fedhas
Gozag
Hepliaklqana
Kikubaaqudgha
Makhleb
Nemelex Xobeh
Okawaru
Qazlal
Ru
Sif Muna
Trog
Uskayaw
Vehumet
Wu Jian
Xom
Yredelemnul
Zin
The Shining One
Beogh

Shops:
D:5 *   D:8 ((   Orc:1 (   Orc:2 **([=


Innate Abilities, Weirdness & Mutations

You are too large for most types of armour.
You have tough skin. (AC +1)


Message History

The drowned soul touches you. The drowned soul drowns you!
* * * LOW HITPOINT WARNING * * *
The merfolk avatar chants its luring song.
You slash the merfolk avatar! You freeze the merfolk avatar.
The merfolk avatar is heavily wounded.
The merfolk avatar chants its luring song.
You closely miss the drowned soul.
You hear a bleat!
The pull of its song draws you forwards.
The drowned soul returns to the deep!
The merfolk avatar chants its luring song. x2
You hit the merfolk avatar. You freeze the merfolk avatar.
The merfolk avatar is heavily wounded.
The drowned soul touches you. The drowned soul drowns you!
* * * LOW HITPOINT WARNING * * *
The drowned soul touches you. The drowned soul drowns you!
* * * LOW HITPOINT WARNING * * *
The merfolk avatar chants its luring song. x2
The drowned soul touches you. The drowned soul drowns you!
You die...

≈≈≈≈..≈≈.##..≈≈≈
≈≈≈≈≈≈≈≈≈......[≈≈
≈≈≈.≈≈.≈≈≈..≈..)≈≈≈
≈≈......≈≈≈≈≈≈≈≈≈≈. ≈
≈.......≈≈≈≈≈W≈≈≈..#
≈≈.........≈≈≈≈≈≈≈≈..#
.. ≈≈.. #...≈≈§W≈≈)?.##
.#. ..≈≈.
#...m≈≈≈≈≈≈≈..#. ...
.....####.§≈@≈§≈≈≈≈≈≈...
...
#........≈§.§.≈≈≈≈≈≈≈≈.
..#
##.......≈≈§§.§†..≈≈≈≈≈≈
..
.....≈≈....§).§(†#.≈≈.≈≈
..
##....≈....#(..().W≈≈≈(≈
###.......#####(.≈≈≈(≈≈
###....## ##.≈≈≈≈(≈
###########....###
..≈≈≈≈≈
#..##...>...≈≈...#
.≈≈≈≈≈≈


You could see a merfolk avatar and 3 drowned souls.

Vanquished Creatures
  Saint Roka (Orc:2)
  An orc warlord (Orc:2)
  Josephine (Lair:5)
  7 hydras
  4 catoblepae (Lair:6)
  3 two-headed ogres
  A merfolk aquamancer (Shoals:1)
  7 death yaks (Lair:6)
  An orc high priest (Orc:2)
  Nergalle (Lair:2)
  Sonja (Lair:2)
  A sea snake (Shoals:1)
  A lindwurm (Lair:5)
  7 orc knights
  4 harpies (Shoals:1)
  Pikel (D:7)
  2 orc sorcerers (Orc:2)
  10 fauns (Shoals:1)
  3 ugly things
  8 manticores
  2 slime creatures (D:12)
  3 oklob plants (Lair:4)
  2 cyclopes
  3 ice statues (IceCv)
  7 black mambas
  5 merfolk sirens
  Joseph (D:7)
  17 spiny frogs
  The ghost of feelmyfire the Covert, a novice VSEn (D:5)
  4 komodo dragons
  3 rime drakes
  A merfolk (Shoals:1)
  6 trolls
  A wind drake (Shoals:1)
  2 polar bears (Lair:5)
  17 dream sheep
  A snapping turtle (Shoals:1)
  6 blink frogs
  12 hippogriffs
  6 wraiths
  3 fire bats (Lair:1)
  4 water elementals (Shoals:1)
  3 basilisks
  33 yaks
  A hungry ghost (D:12)
  5 wargs
  4 nagas (Lair:4)
  A soldier ant (D:12)
  19 water moccasins
  3 porcupines
  43 orc warriors
  12 ice beasts
  2 black bears
  A phantom (D:9)
  7 wolves
  16 centaurs
  11 ogres
  4 boggarts (Lair:5)
  12 crocodiles
  2 big kobolds (D:10)
  11 bullfrogs
  A water moccasin zombie (D:8)
  5 scorpions
  7 wights
  7 howler monkeys
  6 crimson imps
  10 hounds
  3 centaur skeletons
  A centaur zombie (D:5)
  7 jellies
  A quasit (D:10)
  A gnoll shaman (Orc:2)
  21 orc priests
  33 orc wizards
  3 bullfrog skeletons
  9 worker ants
  An iguana (D:9)
  A hound skeleton (D:4)
  2 worker ant zombies
  17 adders
  10 gnolls
  A shadow imp (D:11)
  12 white imps (Lair:1)
  4 oozes
  2 adder skeletons
  An adder zombie (D:8)
  2 worms
  2 dart slugs (D:1)
  9 leopard geckos
  129 orcs
  7 giant cockroaches
  7 goblins
  9 hobgoblins
  12 jackals
  6 quokkas
  4 bats
  A frilled lizard (D:2)
  A jackal skeleton (D:5)
  15 kobolds
  A leopard gecko skeleton (D:6)
  5 rats
  A fungus (Lair:5)
  A plant (D:5)
740 creatures vanquished.

Vanquished Creatures (others)
  An orc wizard (D:7)
  An orc (D:7)
  A bat (D:1)
  A kobold (D:1)
  A rat (D:1)
  A bush (Lair:4)
  5 fungi
  8 plants
19 creatures vanquished.

Grand Total: 759 creatures vanquished

Notes
Turn   | Place    | Note
-------+----------+-------------------------------------------
     0 | D:1      | Hybris the Ogre Gladiator began the quest for the Orb.
     0 | D:1      | Reached XP level 1. HP: 22/22 MP: 1/1
    46 | D:1      | Reached XP level 2. HP: 16/29 MP: 2/2
   311 | D:1      | Reached skill level 3 in Fighting
   856 | D:1      | Reached XP level 3. HP: 24/37 MP: 3/3
  2023 | D:2      | Reached XP level 4. HP: 42/48 MP: 4/4
  2087 | D:2      | Found a shattered altar of Ashenzari.
  2737 | D:3      | Reached skill level 4 in Fighting
  2997 | D:3      | Reached XP level 5. HP: 36/54 MP: 5/5
  3608 | D:4      | Reached skill level 5 in Polearms
  3860 | D:4      | Reached XP level 6. HP: 57/63 MP: 6/6
  3961 | D:4      | Reached skill level 5 in Fighting
  4443 | D:4      | Reached XP level 7. HP: 47/72 MP: 7/7
  5338 | D:4      | Found a white marble altar of Elyvilon.
  6079 | D:5      | Entered Level 5 of the Dungeon
  6154 | D:5      | Reached skill level 6 in Fighting
  6187 | D:5      | Found Taosal's General Store.
  6197 | D:5      | Bought a potion of curing for 45 gold pieces
  6197 | D:5      | Bought a scroll of magic mapping for 52 gold pieces
  6197 | D:5      | Bought a scroll of fear for 52 gold pieces
  6214 | D:5      | Found a staircase to the Ecumenical Temple.
  6243 | Temple   | Entered the Ecumenical Temple
  6325 | Temple   | Became a worshipper of Qazlal Stormbringer
  6701 | D:5      | Reached XP level 8. HP: 62/84 MP: 8/8
  6963 | D:5      | Noticed feelmyfire's ghost (novice VSEn)
  6987 | D:5      | Killed feelmyfire's ghost
  6987 | D:5      | Reached skill level 7 in Fighting
  6987 | D:5      | Reached skill level 5 in Throwing
  7767 | D:6      | Got a shimmering robe
  7768 | D:6      | Identified the cursed -5 robe of Misfortune {-Cast *Contam *Tele *Drain EV-5 Stlth-- *Curse} (You found it on level 6 of the Dungeon)
  7792 | D:7      | Reached XP level 9. HP: 91/94 MP: 9/9
  7932 | D:7      | Reached * piety under Qazlal
  7932 | D:7      | Reached skill level 8 in Fighting
  8151 | D:7      | Noticed Joseph
  8172 | D:7      | Killed Joseph
  8552 | D:7      | Noticed Pikel
  8570 | D:7      | Killed Pikel
  8570 | D:7      | Reached skill level 9 in Fighting
  8765 | D:7      | Reached skill level 10 in Polearms
  8820 | D:7      | Learned a level 1 spell: Infusion
  8823 | D:7      | Learned a level 2 spell: Shroud of Golubria
  8826 | D:7      | Learned a level 2 spell: Song of Slaying
  8845 | D:7      | Reached XP level 10. HP: 93/107 MP: 10/10
  8899 | D:7      | Found a shimmering altar of Xom.
  8900 | D:7      | Found a burning altar of Makhleb.
  9459 | D:8      | Reached skill level 1 in Charms
  9476 | D:8      | Found a flagged portal.
  9509 | Bailey   | Entered a bailey
  9626 | Bailey   | Reached ** piety under Qazlal
 10842 | Bailey   | Reached skill level 10 in Fighting
 12549 | D:8      | Noticed a two-headed ogre
 12995 | D:8      | Upgraded the game from 0.20-a0-971-g5896763 to 0.20-a0-972-gb9bd3e6
 13120 | D:8      | Found Bume's Antique Weapon Shoppe.
 13176 | D:8      | Found Cuibezxy's Weapon Emporium.
 13180 | D:8      | Bought 7 tomahawks of returning for 91 gold pieces
 14507 | D:9      | Reached *** piety under Qazlal
 14715 | D:10     | Entered Level 10 of the Dungeon
 14768 | D:10     | Reached XP level 11. HP: 78/119 MP: 11/11
 14799 | D:9      | Reached skill level 11 in Fighting
 15179 | D:10     | Found a staircase to the Lair.
 15538 | D:10     | Killed a two-headed ogre
 16617 | D:11     | Noticed a manticore
 16793 | D:11     | HP: 4/123 [manticore/volley of spikes (12)]
 16849 | D:10     | Reached skill level 12 in Fighting
 16938 | D:10     | Noticed a white ugly thing
 16954 | D:10     | Killed a white ugly thing
 17076 | D:10     | HP: 3/123 [manticore (21)]
 17268 | D:10     | Killed a manticore
 17348 | D:11     | Reached **** piety under Qazlal
 17860 | D:11     | Found a staircase to the Orcish Mines.
 18310 | D:12     | Noticed a two-headed ogre
 18315 | D:12     | Killed a two-headed ogre
 18315 | D:12     | Reached skill level 1 in Invocations
 18410 | D:12     | Reached ***** piety under Qazlal
 18454 | D:12     | Noticed a manticore
 18465 | D:12     | Killed a manticore
 18550 | D:12     | Reached skill level 13 in Fighting
 18550 | D:12     | Reached XP level 12. HP: 61/136 MP: 13/13
 18907 | Lair:1   | Entered Level 1 of the Lair of Beasts
 19279 | Lair:1   | Noticed a four-headed hydra
 19282 | Lair:1   | Killed a four-headed hydra
 19365 | Lair:1   | Found a frozen archway.
 19380 | IceCv    | Entered an ice cave
 19491 | IceCv    | Reached skill level 14 in Fighting
 19542 | IceCv    | Got a crude amethyst amulet
 19548 | IceCv    | Got translucent ice dragon scales
 19561 | IceCv    | Identified the +4 ice dragon scales of Veptank {rF- rC++ Str+3} (You found it in an ice cave)
 19572 | IceCv    | Identified the amulet of the Suburbs {Gourm +Fly rElec MR- Int+7} (You found it in an ice cave)
 20219 | Lair:2   | Noticed Sonja
 20220 | Lair:2   | Killed Sonja
 20224 | Lair:2   | Reached skill level 1 in Armour
 20454 | Lair:2   | You fall through a shaft!
 20712 | Lair:3   | Found a staircase to the Shoals.
 21450 | Lair:3   | Reached skill level 10 in Throwing
 21463 | Lair:3   | Reached skill level 5 in Invocations
 21473 | Lair:3   | Got a shimmering hand axe
 21474 | Lair:3   | Identified the +6 hand axe of Gin and Tonic {antimagic, +Blink rN+} (You found it on level 3 of the Lair of Beasts)
 21482 | Lair:3   | Identified a scroll of acquirement
 21825 | Lair:2   | Noticed Nergalle
 21843 | Lair:2   | Killed Nergalle
 21843 | Lair:2   | Reached XP level 13. HP: 117/148 MP: 16/16
 22942 | Lair:4   | Reached skill level 15 in Fighting
 22960 | Lair:4   | HP: 3/149 [black mamba (11)]
 23556 | Lair:4   | Found a staircase to the Snake Pit.
 23874 | Lair:5   | Reached ****** piety under Qazlal
 24082 | Lair:5   | Noticed Josephine
 24565 | Lair:5   | Reached skill level 5 in Armour
 24618 | Lair:5   | Killed Josephine
 25499 | Lair:6   | Entered Level 6 of the Lair of Beasts
 25718 | Lair:5   | Reached skill level 15 in Polearms
 25718 | Lair:5   | Reached XP level 14. HP: 83/161 MP: 18/18
 26734 | Lair:6   | Found a staircase to the Slime Pits.
 28751 | Orc:1    | Entered Level 1 of the Orcish Mines
 29527 | Orc:1    | Found a roughly hewn altar of Beogh.
 29634 | Orc:1    | Found Vihyf's Weapon Shoppe.
 29713 | Orc:2    | Entered Level 2 of the Orcish Mines
 29765 | Orc:2    | Reached XP level 15. HP: 124/169 MP: 12/22
 30199 | Orc:2    | Found a staircase to the Elven Halls.
 30311 | Orc:2    | Noticed an orc warlord
 30358 | Orc:2    | Killed an orc warlord
 30358 | Orc:2    | Reached skill level 10 in Armour
 30358 | Orc:2    | Reached skill level 10 in Invocations
 30464 | Orc:2    | Noticed Saint Roka
 30883 | Orc:2    | Killed Saint Roka
 31324 | Orc:2    | Found a roughly hewn altar of Beogh.
 31671 | Orc:2    | Found Etamomn's Antique Armour Shoppe.
 31916 | Orc:2    | Found Esoedd's General Store.
 31925 | Orc:2    | Bought 2 silver javelins for 57 gold pieces
 31957 | Orc:2    | Found Wuonwiel's Antique Weapon Shoppe.
 31997 | Orc:2    | Found Ciav's General Store.
 32003 | Orc:2    | Bought a potion of curing for 42 gold pieces
 32003 | Orc:2    | Bought a potion of haste for 140 gold pieces
 32003 | Orc:2    | Bought a scroll of identify for 28 gold pieces
 32012 | Orc:2    | Found Vehepu's Jewellery Shoppe.
 32020 | Orc:2    | Bought an uncursed ring of poison resistance for 200 gold pieces
 32174 | Orc:2    | Reached skill level 16 in Fighting
 32174 | Orc:2    | Reached XP level 16. HP: 180/180 MP: 22/24
 32394 | D:8      | Bought the +8 scythe of Conscience {freeze, rF+ MP-9 Int+4} for 635 gold pieces
 32500 | D:5      | Bought a throwing net for 45 gold pieces
 32500 | D:5      | Bought a scroll of remove curse for 45 gold pieces
 32500 | D:5      | Bought a scroll of identify for 30 gold pieces
 32500 | D:5      | Bought a scroll of remove curse for 45 gold pieces
 32717 | Orc:2    | Bought a scroll of identify for 24 gold pieces
 32717 | Orc:2    | Bought a scroll of remove curse for 36 gold pieces
 32717 | Orc:2    | Bought a royal jelly for 24 gold pieces
 32963 | Shoals:1 | Entered Level 1 of the Shoals
 32996 | Shoals:1 | Reached skill level 17 in Fighting
 33789 | Shoals:1 | HP: 3/184 [drowned by a drowned soul[a merfolk avatar] (16)]
 33789 | Shoals:1 | Drowned by a drowned soul

Vault maps used:
D:1:      dpeg_arrival_morbid_curiosity, minmay_misc_feat_encased,
          lemuel_old_faithful
D:2:      ashenzari_conservatory_becter, first_bread
D:4:      kennysheep_mini_moat
D:5:      minmay_temple_entry_overgrown, serial_shops,
          nicolae_shop_competitors_out_of_business
D:6:      minmay_misc_feat_ornament, dk_vineyard_3
D:7:      grunt_temple_overflow_champion_of_chaos, uniq_joseph, uniq_pikel
D:8:      enter_bailey_7, serial_shops, shop, nicolae_shop_statue_plus
D:10:     erik_lair_orcish_takeover, blue_anna_alchemist
D:11:     hiddenorc2_lemuel
Temple:   regret_index_temple_mists
Lair:1:   portal_ice_cave_entry_imps
Lair:2:   uniq_nergalle, uniq_sonja
Lair:3:   minmay_shoals_entry_lonely_mermaid, serial_bayou_pond_e
Lair:4:   beast_lair_carwin_large_3, minmay_snake_entry_guardpost_small,
          disabler_island
Lair:5:   kilobyte_rumbling_trees, infiniplex_staircase_pool, uniq_josephine
Lair:6:   evilmike_catoblepas_cave, nicolae_slime_entry_slimehenge,
          grunt_megastairs_3, serial_bayou_shore_b
Shoals:1: uniq_frances
Orc:1:    basic_altar, serial_shops, shop
Orc:2:    grunt_orc_cross, serial_shops, nicolae_shop_waterfront,
          nicolae_orc_lava_tube
Bailey:   bailey_polearm_flooded_kennysheep, bailey
IceCv:    ice_cave_statue_garden_chambered

Skill      XL: |  1  2  3  4  5  6  7  8  9 10 11 12 13 14 15 16 |
---------------+-------------------------------------------------+-----
Fighting       | 3 4 5 6 7 9 10 13 14 15 16 17 | 17.6
Polearms       | 4 5 6 7 8 10 11 12 14 15 | 15.0
Throwing       | 3 4 5 6 7 9 10 11 | 11.7
Charms         | 3 4 |  4.9
Invocations    | 1 5 6 9 11 | 11.7
Armour         | 3 5 9 11 | 11.1
Dodging        | |  2.6

Action                   |  1- 3 |  4- 6 |  7- 9 | 10-12 | 13-15 | 16-18 || total
-------------------------+-------+-------+-------+-------+-------+-------++-------
Melee: Trident           |   118 |   149 |   302 |   901 |   999 |    20 ||  2489
       Scythe            |       |       |       |       |       |    76 ||    76
Throw: Tomahawk          |       |    16 |    24 |    35 |    29 |    10 ||   114
       Javelin           |       |       |       |    57 |    37 |     7 ||   101
       Large rock        |       |       |       |    35 |    30 |    11 ||    76
       Throwing net      |       |       |       |     1 |     4 |       ||     5
 Cast: Infusion          |       |       |       |     7 |    12 |     1 ||    20
       Song of Slaying   |       |       |       |     4 |     9 |     1 ||    14
       Shroud of Golubri |       |       |       |     1 |       |     1 ||     2
Invok: Upheaval          |       |       |       |     3 |     2 |     1 ||     6
       Elemental Force   |       |       |       |       |     1 |       ||     1
Evoke: Wand              |       |       |       |     3 |       |     2 ||     5
  Use: Scroll            |       |     3 |    12 |    20 |     7 |       ||    42
       Potion            |       |       |     4 |     5 |    11 |     1 ||    21
 Stab: Sleeping          |     3 |       |       |       |       |       ||     3
       Distracted        |       |       |       |     1 |       |       ||     1
  Eat: Chunk             |     3 |     7 |    13 |    39 |    35 |     5 ||   102
       Fruit             |       |     1 |       |       |       |       ||     1
       Royal jelly       |       |       |     1 |     1 |       |       ||     2
       Bread ration      |       |       |       |     2 |       |       ||     2
Armor: Robe              |    21 |    30 |    69 |    68 |       |       ||   188
       Troll leather arm |       |       |       |   113 |       |       ||   113
       Ice dragon scales |       |       |       |    42 |   307 |    86 ||   435
Dodge: Dodged            |    48 |    73 |   105 |   292 |   221 |    32 ||   771
       Deflected         |       |       |       |     6 |     4 |    17 ||    27
Block: Other             |       |       |     3 |   121 |   176 |    58 ||   358
